 Dungeon Crawl Stone Soup version 0.18-a0-1685-g4482fe3 (webtiles) character file.

3357 Oddball22 the Fighter (level 10, -4/83 HPs)
             Began as a Formicid Fighter on Apr 4, 2016.
             Was a Believer of Qazlal.
             Slain by Grum
             ... wielding a -2 spear
              (12 damage)
             ... on level 8 of the Dungeon.
             The game lasted 00:15:33 (7181 turns).

Oddball22 the Fighter (Formicid Fighter)            Turns: 7181, Time: 00:15:34

Health: -4/83      AC: 11    Str: 22    XL:     10   Next: 23%
Magic:  14/14      EV:  9    Int:  7    God:    Qazlal [**....]
Gold:   501        SH: 14    Dex: 13    Spells: 0 memorised, 9 levels left

rFire  . . .     SeeInvis +     N - +0 battleaxe
rCold  + . .     Gourm    .     b - +0 scale mail
rNeg   . . .     Faith    .     c - +0 shield
rPois  .         Spirit   .     (helmet unavailable)
rElec  .         Dismiss  .     k - +0 cloak
rCorr  .         Reflect  .     (no gloves)
SustAt .         Harm     .     R - +1 pair of boots
MR     +....                    (no amulet)
Stlth  ..........               H - ring of teleportation (curse)
                                e - ring of protection from cold

@: somewhat resistant to hostile enchantments, extremely unstealthy
A: permanent stasis, dig shafts and tunnels, four strong arms, antennae 3
a: Dig, Shaft Self, Upheaval, Renounce Religion


You were on level 8 of the Dungeon.
You worshipped Qazlal.
Qazlal was pleased with you.
You were hungry.

You visited 2 branches of the dungeon, and saw 9 of its levels.

You collected 501 gold pieces.

Inventory:

Hand Weapons
 l - a +0 short sword of draining
 N - a +0 battleaxe (weapon)
Missiles
 B - 2 javelins (quivered)
 O - 50 bolts
Armour
 b - a +0 scale mail (worn)
 c - a +0 shield (worn)
 k - a +0 cloak (worn)
 R - a +1 pair of boots (worn)
Jewellery
 e - a ring of protection from cold (left hand)
 v - an uncursed ring of positive energy
 H - a cursed ring of teleportation (right hand)
Wands
 q - a wand of polymorph (11/24)
 K - a wand of polymorph (5/24)
 M - a wand of random effects (17/48)
 Q - a wand of acid (2/15)
Scrolls
 g - 9 scrolls of identify {unknown}
 j - a scroll of immolation {unknown}
 o - 3 scrolls of recharging {unknown}
 p - 3 scrolls of teleportation {unknown}
 r - 5 scrolls of remove curse {unknown}
 t - 3 scrolls of enchant armour {unknown}
 x - 4 scrolls of noise {unknown}
 y - a scroll of magic mapping {unknown}
 A - 3 scrolls of amnesia {unknown}
 C - a scroll of random uselessness {unknown}
 G - a scroll of enchant weapon {unknown}
 J - a scroll of summoning {unknown}
 L - 2 scrolls of fear {unknown}
 P - a scroll of fog {unknown}
Potions
 d - a potion of might
 h - 5 potions of agility {unknown}
 i - a potion of heal wounds
 n - 3 potions of lignification {unknown}
 s - a potion of haste {unknown}
 z - a potion of curing {unknown}
 F - 3 potions of brilliance {unknown}
Books
 a - a book of Flames

   Spells                             Type                      Level
   a - Flame Tongue                   Conjuration/Fire             1
   b - Throw Flame                    Conjuration/Fire             2
   c - Conjure Flame                  Conjuration/Fire             3
   d - Inner Flame                    Hexes/Fire                   3
   e - Sticky Flame                   Conjuration/Fire             4
   f - Fireball                       Conjuration/Fire             5
 I - a book of Minor Magic

   Spells                             Type                      Level
   a - Magic Dart                     Conjuration                  1
   b - Blink                          Translocation                2
   c - Call Imp                       Summoning                    2
   d - Repel Missiles                 Charms/Air                   2
   e - Slow                           Hexes                        2
   f - Conjure Flame                  Conjuration/Fire             3
   g - Mephitic Cloud                 Conjuration/Poison/Air       3
Comestibles
 f - 6 bread rations
 m - 5 meat rations
 u - 16 fruits
 w - 2 beef jerkies
 E - 2 slices of pizza


   Skills:
 * Level 9.5 Fighting
 + Level 5.9 Axes
 + Level 7.1 Armour
 + Level 7.8 Shields
 + Level 6.1 Invocations


You had 9 spell levels left.
You didn't know any spells.

Dungeon Overview and Level Annotations

Branches:
Dungeon (8/15)             Temple (1/1) D:4
   Lair: D:8-11

Altars:
Ashenzari
Dithmenos
Elyvilon
Fedhas
Gozag
Kikubaaqudgha
Makhleb
Okawaru
Pakellas
Qazlal
Ru
Sif Muna
Trog
Vehumet
Xom
Yredelemnul
Zin
The Shining One

Shops:
D:6 (

Annotations:
D:8 Grum


Innate Abilities, Weirdness & Mutations

You are under a permanent stasis effect.
You can dig through walls and to a lower floor.
Your four strong arms can wield two-handed weapons with a shield.
You have a pair of large antennae on your head (SInv).


Message History

Unknown command.
You are too injured to fight recklessly!
Unknown command.
You barely miss the wolf.
The wolf is moderately wounded.
You closely miss the wolf.
The wolf is lightly wounded.
You block the wolf's attack. The wolf bites you.
* * * LOW HITPOINT WARNING * * *
The wolf bites you.
* * * LOW HITPOINT WARNING * * *
You block Grum's attack. You block the wolf's attack. The wolf bites you.
* * * LOW HITPOINT WARNING * * *
You barely miss the wolf.
The wolf is moderately wounded.
You barely miss the wolf.
The wolf is lightly wounded.
You block the wolf's attack. The wolf closely misses you.
Grum hits you from afar with a spear!
You die...

..#......##.# #.(......
#.#.....###.# #........
............# #.(......
#.#......##.# #........
#.....##....# ### ##)######
..........#.### #......#
##........#...#######.####.#
......#####.#......<#.# #.#
##..###.....#...@h..#.# #.#
....###.#####...§h..#.####.###
##.......# #.....g.#.........
#.####.## #.#####.#.########
#.# #... #.# #...# ### #####
#.# #.### #.#.#####.###
...........# #.#####.#.###


You could see Grum and 2 wolves.

Vanquished Creatures
  The ghost of Murumi the Blocker, a novice FoFi of Elyvilon (D:8)
  A hippogriff (D:8)
  A hungry ghost (D:8)
  A water moccasin (D:8)
  An ice beast (D:5)
  2 orc warriors
  A phantom (D:8)
  A sky beast (D:5)
  3 ogres
  A wolf (D:8)
  4 centaurs
  A big kobold (D:8)
  4 giant frogs
  A gnoll sergeant (D:8)
  3 scorpions
  3 crimson imps
  A centaur zombie (D:6)
  3 hounds
  2 orc wizards (D:5)
  4 orc priests
  An iguana (D:5)
  Terence (D:3)
  2 worker ants (D:4)
  A worker ant zombie (D:5)
  Robin (D:2)
  3 gnolls (D:8)
  4 adders
  2 shadow imps
  6 oozes
  A dart slug (D:2)
  4 giant geckos
  19 orcs
  8 bats
  3 giant cockroaches
  5 hobgoblins
  7 jackals
  A quokka (D:5)
  4 giant newts
  12 goblins (D:2)
  11 kobolds
  5 rats
  A butterfly (D:6)
141 creatures vanquished.

Notes
Turn   | Place    | Note
--------------------------------------------------------------
     0 | D:1      | Oddball22 the Formicid Fighter began the quest for the Orb.
     0 | D:1      | Reached XP level 1. HP: 18/18 MP: 1/1
   310 | D:1      | Reached XP level 2. HP: 21/24 MP: 2/2
   747 | D:2      | Reached XP level 3. HP: 27/30 MP: 3/3
   773 | D:2      | Noticed Robin
   781 | D:2      | Killed Robin
   781 | D:2      | Reached skill level 4 in Fighting
   810 | D:2      | Reached XP level 4. HP: 31/37 MP: 4/4
   922 | D:2      | Found an ancient bone altar of Kikubaaqudgha.
  1083 | D:2      | Found a deep blue altar of Sif Muna.
  1455 | D:3      | Noticed Terence
  1468 | D:3      | Killed Terence
  1468 | D:3      | Reached XP level 5. HP: 43/43 MP: 5/5
  1501 | D:3      | Found a burning altar of Makhleb.
  1501 | D:3      | Noticed a cacodemon
  1505 | D:3      | Noticed a neqoxec
  1505 | D:3      | Noticed a hellwing
  1958 | D:3      | Reached skill level 5 in Fighting
  2097 | D:4      | Found a staircase to the Ecumenical Temple.
  2117 | Temple   | Entered the Ecumenical Temple
  2124 | Temple   | Became a worshipper of Qazlal Stormbringer
  2517 | D:4      | Reached XP level 6. HP: 47/51 MP: 6/6
  2864 | D:5      | Entered Level 5 of the Dungeon
  2933 | D:5      | Found a white marble altar of Elyvilon.
  3007 | D:5      | Noticed a sky beast
  3037 | D:5      | Killed a sky beast
  3037 | D:5      | Reached skill level 1 in Invocations
  3244 | D:5      | Found an iron altar of Okawaru.
  3255 | D:5      | Noticed an ice beast
  3276 | D:5      | Killed an ice beast
  3276 | D:5      | Reached XP level 7. HP: 48/57 MP: 8/8
  3368 | D:5      | Reached skill level 5 in Shields
  3375 | D:5      | Reached skill level 6 in Fighting
  3670 | D:5      | Reached skill level 5 in Armour
  3726 | D:5      | Reached XP level 8. HP: 53/65 MP: 9/9
  3747 | D:5      | Found a basalt altar of Yredelemnul.
  3965 | D:6      | Reached * piety under Qazlal
  4040 | D:6      | Reached skill level 7 in Fighting
  4264 | D:6      | Found a blossoming altar of Fedhas.
  4364 | D:6      | Found an oddly glowing altar of Pakellas.
  4439 | D:6      | Found Soeh's Antique Weapon Emporium.
  4547 | D:6      | Found a shimmering altar of Xom.
  4959 | D:7      | Found a bloodstained altar of Trog.
  5270 | D:7      | Reached XP level 9. HP: 38/72 MP: 10/12
  5563 | D:7      | Found a glowing silver altar of Zin.
  5857 | D:7      | Found a sacrificial altar of Ru.
  5991 | D:8      | Reached skill level 8 in Fighting
  5991 | D:8      | Reached skill level 5 in Axes
  6464 | D:8      | Noticed Murumi's ghost (novice FoFi)
  6468 | D:8      | Reached skill level 5 in Invocations
  6495 | D:8      | Killed Murumi's ghost
  6495 | D:8      | Reached skill level 9 in Fighting
  6495 | D:8      | Reached XP level 10. HP: 50/83 MP: 12/14
  6658 | D:8      | Reached ** piety under Qazlal
  7158 | D:8      | Noticed Grum
  7181 | D:8      | Slain by Grum

Vault maps used:
D:1:      dpeg_arrival_castle
D:2:      led_sif_pool, lemuel_doored_altar, first_bread, uniq_robin
D:3:      st_stairs_13, makhleb_altar_promises_db, uniq_terence
D:4:      minmay_temple_entry_junction, minivault_1
D:5:      kennysheep_ying_yang, overflow_temple_1_default
D:6:      kennysheep_mini_moat, xom_butterflies, serial_shops,
          nicolae_shop_waterfront, fedhas_altar_2
D:7:      bloody_trog, nicolae_ru_awakened_eye, basic_altar, dk_vineyard_3
D:8:      uniq_grum, uniq_psyche, uniq_joseph
Temple:   nicolae_temple_no_exploring_needed

Skill      XL: |  1  2  3  4  5  6  7  8  9 10 |
---------------+-------------------------------+-----
Fighting       | 4 5 6 7 9 |  9.5
Shields        | 4 5 6 7 |  7.8
Armour         | 4 5 6 7 |  7.1
Axes           | 3 4 5 |  5.9
Invocations    | 1 2 4 5 6 |  6.1

Action                   |  1- 3 |  4- 6 |  7- 9 | 10-12 || total
-------------------------+-------+-------+-------+-------++-------
Melee: War axe           |    14 |       |    68 |       ||    82
       Short sword       |    79 |   221 |   166 |       ||   466
       Battleaxe         |       |       |    67 |    61 ||   128
  Use: Potion            |       |       |     2 |       ||     2
  Eat: Chunk             |       |     6 |    11 |     3 ||    20
       Beef jerky        |       |     1 |       |       ||     1
